 Dungeon Crawl Stone Soup version 0.31-a0-182-gc5ef74bbde (webtiles) character file.

Game seed: 13195045606189170943

275 qw the Chopper (level 6, 0/39 HPs)
             Began as a Gargoyle Fighter on June 20, 2023.
             Slain by an orc wizard
             ... wielding a +0 dagger
              (3 damage)
             ... on level 4 of the Dungeon.
             The game lasted 00:01:22 (2619 turns).

qw the Chopper (Gargoyle Fighter)                   Turns: 2619, Time: 00:01:23

Health: 0/39       AC: 13    Str: 22    XL:     6   Next: 25%
Magic:  6/6        EV: 13    Int:  8    God:
Gold:   98         SH:  4    Dex:  9    Spells: 5/5 levels left

rFire   . . .        a - +0 broad axe
rCold   . . .        c - +0 buckler
rNeg    + . .        k - +0 chain mail
rPois   inf          (no helmet)
rElec   +            (no cloak)
rCorr   +            (no gloves)
SInv    .            (no boots)
Will    .....        (no amulet) Stlth
                     e - ring "Hasaorr" {rCorr EV+5}
HPRegen 0.26/turn    (no ring)
MPRegen 0.10/turn

%: no passive effects
@: no status effects
A: sickness immunity, AC +4, negative energy resistance 1, electricity
resistance, torment resistance 1, petrification resistance
a: no special abilities


You were on level 4 of the Dungeon.
You visited 1 branch of the dungeon, and saw 4 of its levels.

You collected 154 gold pieces.
You spent 56 gold pieces at shops.


Innate Abilities, Weirdness & Mutations

You are immune to sickness and miasma.
Your stone body is resilient. (AC +4)
You are immune to poison.
You resist negative energy. (rN+)
You are resistant to electric shocks. (rElec)
You are resistant to unholy torment.
You are immune to petrification.


   Skills:
 - Level 4.4 Fighting
 + Level 5.2 Axes
 - Level 3.2 Armour
 - Level 3.2 Shields


You had 5 spell levels left.
You didn't know any spells.
Your spell library was empty.

Inventory:

Hand Weapons
 a - a +0 broad axe (weapon)
 i - a +0 flail
Armour
 c - a +0 buckler (worn)
 k - a +0 chain mail (worn)
Jewellery
 e - the ring "Hasaorr" (left hand) {rCorr EV+5}
   (You found it on level 2 of the Dungeon)

   [ring of evasion]

   EV:        It affects your evasion (+5).
   rCorr:     It protects you from acid and corrosion.
Scrolls
 b - a scroll of poison {unknown}
 g - 6 scrolls of identify
 h - a scroll of enchant armour
Potions
 d - a potion of might
 f - a potion of curing {unknown}
 j - a potion of heal wounds
 l - a potion of resistance

Dungeon Overview and Level Annotations

Branches:
Dungeon (4/15)
 Temple: D:4-7

Altars:
Qazlal

Shops:
D:3 ?

Annotations:
D:2 1 runed translucent door, Crazy Yiuf


Message History

The puff of flame hits you!
You closely miss something. Something barely misses you.
Something hits you but does no damage.
You miss something. Something hits you but does no damage.
You barely miss something.
You hear some strange, mumbled words.
A puff of flame appears from out of thin air!
The puff of flame hits you!
You miss something. Something hits you but does no damage.
You block something's attack.
You closely miss something. Something hits you but does no damage.
You closely miss something. Something hits you but does no damage.
You miss something. Something hits you but does no damage.
You hear some strange, mumbled words.
A puff of flame appears from out of thin air!
The puff of flame hits you!
You barely miss something.
You hear some strange, mumbled words.
Something tries to affect you, but you resist.
You hit something. Something hits you.
You closely miss something.
You hear some strange, mumbled words.
Something tries to affect you, but you resist.
You block something's attack.
You barely miss something.
You hear some strange, mumbled words.
A magic dart appears from out of thin air!
The magic dart hits you but does no damage.
You barely miss something. Something hits you but does no damage.
Something barely misses you.
You miss something. Something hits you but does no damage.
You barely miss something. Something hits you.
You die...

.# #.# #########.# ~
#.........# ~.
#.........# ...
#.........# ....
#.........####.....
#...........)......
######..........@)......
.....'..........){.....>
######...............#..
#........######.#
########## #


There were no monsters in sight!

Vanquished Creatures
  A scorpion (D:4)
  An orc priest (D:4)
  9 gnolls
  2 adders (D:2)
  An ufetubus (D:4)
  2 dart slugs
  11 orcs
  5 bats
  6 endoplasms
  8 goblins
  9 hobgoblins
  A quokka (D:3)
  A ball python (D:2)
  4 frilled lizards (D:1)
  4 kobolds
  5 rats
70 creatures vanquished.

Notes
Turn   | Place    | Note
-------+----------+-------------------------------------------
     0 | D:1      | qw the Gargoyle Fighter began the quest for the Orb.
     0 | D:1      | Reached XP level 1. HP: 14/14 MP: 1/1
     0 | D:1      | 0 ||| qw: Version: 0.3-a-9-g12657ce
     0 | D:1      | 0 ||| qw: Game counter: 1330
     0 | D:1      | 0 ||| qw: Always use a shield: true
     0 | D:1      | 0 ||| qw: God list: Okawaru
     0 | D:1      | 0 ||| qw: Allow faded altars: false
     0 | D:1      | 0 ||| qw: Do Orc after D:15 true
     0 | D:1      | 0 ||| qw: Do second Lair branch before Depths: true
     0 | D:1      | 0 ||| qw: Lair rune preference: random
     0 | D:1      | 0 ||| qw: Plans: Normal, Zot:1-4, Slime:5, God:TSO, Crypt,
                  | Tomb, Abyss, Pan, Hells, Win
     0 | D:1      | 0 ||| PLANNING D:1-11
    41 | D:1      | Reached skill level 2 in Axes
   122 | D:1      | 122 ||| Stepping ~*~*~tactically~*~*~ (hiding).
   130 | D:1      | Reached XP level 2. HP: 13/19 MP: 2/2
   265 | D:1      | Reached skill level 3 in Axes
   306 | D:1      | Reached XP level 3. HP: 23/23 MP: 3/3
   672 | D:1      | 672 ||| UPGRADING to +0 chain mail.
   682 | D:1      | 682 ||| DROPPING +0 scale mail.
   683 | D:1      | 683 ||| READING scroll labelled GIPUNALUOF.
   686 | D:1      | 686 ||| READING 2 scrolls labelled AFUOTZ WEMEMPAUL.
   687 | D:1      | 687 ||| READING scroll labelled BUR MODGHUEW.
   688 | D:1      | 688 ||| READING scroll labelled RUSOHE QEPHUH.
   689 | D:1      | 689 ||| DRINKING 2 metallic orange potions.
   690 | D:1      | 690 ||| DRINKING 2 metallic inky potions.
   752 | D:2      | 752 ||| Stepping ~*~*~tactically~*~*~ (hiding).
   768 | D:2      | Reached XP level 4. HP: 13/28 MP: 4/4
   770 | D:2      | Reached skill level 4 in Axes
   891 | D:2      | 891 ||| Stepping ~*~*~tactically~*~*~ (hiding).
   892 | D:2      | 892 ||| Stepping ~*~*~tactically~*~*~ (hiding).
  1002 | D:2      | 1002 ||| Stepping ~*~*~tactically~*~*~ (stealth).
  1039 | D:2      | 1039 ||| Stepping ~*~*~tactically~*~*~ (stealth).
  1040 | D:2      | 1040 ||| Stepping ~*~*~tactically~*~*~ (stealth).
  1073 | D:2      | 1073 ||| Stepping ~*~*~tactically~*~*~ (hiding).
  1208 | D:2      | Identified the ring "Hasaorr" {rCorr EV+5}
  1404 | D:2      | Found a faded altar of an unknown god.
  1463 | D:2      | Found a runed translucent door.
  1464 | D:2      | Noticed Crazy Yiuf
  1467 | D:2      | 1467 ||| UPGRADING to ring "Hasaorr" {rCorr EV+5}.
  1468 | D:2      | 1468 ||| READING scroll labelled WEUNYA GEDOX.
  1469 | D:2      | 1469 ||| READING scroll labelled NUORUZ DOITYW.
  1470 | D:2      | 1470 ||| READING scroll labelled UZYDGH TUIGE.
  1542 | D:3      | Reached XP level 5. HP: 29/32 MP: 5/5
  1565 | D:3      | 1565 ||| Stepping ~*~*~tactically~*~*~ (stealth).
  1566 | D:3      | 1566 ||| Stepping ~*~*~tactically~*~*~ (stealth).
  1568 | D:3      | 1568 ||| Stepping ~*~*~tactically~*~*~ (stealth).
  1662 | D:3      | 1662 ||| DROPPING +0 mace.
  1688 | D:3      | 1688 ||| DROPPING +4 mace.
  1701 | D:3      | Reached skill level 5 in Axes
  1701 | D:3      | 1701 ||| Stepping ~*~*~tactically~*~*~ (stealth).
  1709 | D:3      | Found a stormy altar of Qazlal.
  1835 | D:3      | Found Elov's Magic Scroll Shop.
  1838 | D:3      | 1838 ||| BUYING 2 scrolls of identify (56 gold).
  1838 | D:3      | Bought 2 scrolls of identify for 56 gold pieces
  1838 | D:3      | 1838 ||| SHOPLISTING scroll of enchant weapon (105 gold,
                  | have 21).
  1838 | D:3      | 1838 ||| SHOPLISTING scroll of identify (28 gold, have 21).
  1838 | D:3      | 1838 ||| SHOPLISTING scroll of teleportation (42 gold, have
                  | 21).
  1927 | D:3      | 1927 ||| Stepping ~*~*~tactically~*~*~ (hiding).
  1928 | D:3      | 1928 ||| Stepping ~*~*~tactically~*~*~ (hiding).
  1929 | D:3      | 1929 ||| Stepping ~*~*~tactically~*~*~ (hiding).
  2347 | D:3      | 2347 ||| READING scroll labelled CAOKLA NAITHREX.
  2348 | D:3      | 2348 ||| READING scroll labelled HIUKIOZXOY.
  2349 | D:3      | 2349 ||| READING scroll labelled TAFUFOR FIETH.
  2350 | D:3      | 2350 ||| DRINKING 2 fuming blue potions.
  2351 | D:3      | 2351 ||| DROPPING potion of invisibility.
  2399 | D:4      | Reached XP level 6. HP: 35/39 MP: 6/6
  2465 | D:4      | 2465 ||| READING scroll of enchant weapon.
  2465 | D:4      | 2465 ||| ENCHANTING +1 war axe.
  2510 | D:4      | 2510 ||| SWAPPING to +0 broad axe.
  2511 | D:4      | 2511 ||| DROPPING +2 war axe.
  2608 | D:4      | HP: 7/39 [something/puff of flame (7)]
  2612 | D:4      | HP: 1/39 [something/puff of flame (7)]
  2619 | D:4      | Slain by an orc wizard

Levels and vault maps discovered:
D:1:      eino_arrival_cavern_d, layout_loops_ring
D:2:      layout_basic, dilly_ecumenical_altar_fadedgnrine,
          uniq_crazy_yiuf_cottage
D:3:      layout_loops_cross, grunt_qazlal_sundering, serial_shops,
          nicolae_shop_rolled_up
D:4:      layout_basic, serial_shops, nicolae_shop_waterfront,
          sigmund_edmund_badplayer

Skill      XL: |  1  2  3  4  5 |
---------------+----------------+-----
Axes           | 2 3 4 5 |  5.2
Fighting       | 4 |  4.4
Armour         | |  3.2
Shields        | |  3.2

Action                     |  1- 3 |  4- 6 || total
---------------------------+-------+-------++-------
  Melee: War axe           |    70 |   112 ||   182
         Broad axe         |       |    32 ||    32
    Use: Scroll            |     4 |     7 ||    11
         Potion            |     2 |     1 ||     3
 Armour: Scale mail        |    23 |       ||    23
         Chain mail        |     5 |    67 ||    72
  Dodge: Dodged            |    33 |    80 ||   113
  Block: Buckler           |    14 |    29 ||    43

Table legend:
 A = Non-vault XP
 B = Vault XP
 C = Vault XP percentage of total XP
 D = Non-vault monster count
 E = Vault monster count
 F = Vault count percentage of total count
                 A         B        C        D         E       F
            +---------+---------+-------+---------+---------+-------
      Total |     394 |       0 |   0.0 |      70 |       0 |   0.0
            +---------+---------+-------+---------+---------+-------
        D:1 |      46 |       0 |   0.0 |      20 |       0 |   0.0
        D:2 |     103 |       0 |   0.0 |      18 |       0 |   0.0
        D:3 |     100 |       0 |   0.0 |      23 |       0 |   0.0
        D:4 |     145 |       0 |   0.0 |       9 |       0 |   0.0
            +---------+---------+-------+---------+---------+-------
